 Dungeon Crawl Stone Soup version 0.28-a0-726-g4a9143789a (webtiles) character file.

Game seed: 16700534898420130599

217 kae the Chopper (level 5, -1/47 HPs)
             Began as a Hill Orc Cinder Acolyte on Oct 27, 2021.
             Was a High Priest of Ignis.
             Slain by a scorpion (7 damage)
             ... on level 3 of the Dungeon.
             The game lasted 00:02:54 (3844 turns).

kae the Chopper (Hill Orc Cinder Acolyte)           Turns: 3844, Time: 00:02:54

Health: -1/47      AC:  3    Str: 17    XL:     5   Next: 94%
Magic:  0/8        EV:  8    Int: 15    God:    Ignis [*****.]
Gold:   88         SH:  7    Dex:  6    Spells: 6/8 levels left

rFire   + . .      SeeInvis .   a - +0 hand axe (flame)
rCold   . . .      Faith    .   f - +2 kite shield
rNeg    . . .      Spirit   .   b - +0 robe
rPois   .          Reflect  .   (no helmet)
rElec   .          Harm     .   (no cloak)
rCorr   .          Rampage  .   (no gloves)
Will    .....                   e - +0 pair of boots
Stlth   +.........              (no amulet)
HPRegen 0.15/turn               (no ring)
MPRegen 0.11/turn               (no ring)

@: lethally poisoned (-1 -> -14), very slightly contaminated
A: no striking features
a: Renounce Religion, Sea of Fire, Foxfire Swarm, Rising Flame


You were on level 3 of the Dungeon.
You worshipped Ignis.
Ignis was extremely pleased with you.
You visited 1 branch of the dungeon, and saw 3 of its levels.

You collected 112 gold pieces.
You spent 24 gold pieces at shops.

Inventory:

Hand Weapons
 a - a +0 hand axe of flaming (weapon)
Armour
 b - a +0 robe (worn)
 e - a +0 pair of boots (worn)
 f - a +2 kite shield (worn)
Wands
 g - a wand of flame (7)
Scrolls
 c - a scroll of teleportation
 k - 2 scrolls of identify
Potions
 d - a potion of flight
 h - a potion of degeneration {unknown}
 i - 2 potions of attraction {unknown}
 j - a potion of heal wounds {unknown}
 l - a potion of resistance {unknown}
 m - 2 potions of mutation {unknown}


   Skills:
 + Level 4.7 Fighting
 * Level 6.1 Axes
 + Level 2.0 Spellcasting
 + Level 4.2 Fire Magic


You had 6 spell levels left.
You knew the following spells:

 Your Spells              Type           Power      Damage    Failure   Level
a - Scorch                Fire           28%        2d6       38%         2

Your spell library contained the following spells:

 Spells                   Type           Power      Damage    Failure   Level
 Corpse Rot               Necr/Air       2%         N/A       93%         2
 Poisonous Vapours        Pois/Air       2%         N/A       93%         2


Dungeon Overview and Level Annotations

Branches:
Dungeon (3/15)

Altars:
Gozag
Hepliaklqana
Zin

Shops:
D:1 *

Annotations:
D:3 Terence


Message History

A scorpion comes into view.
A scorpion is nearby!
The scorpion stings you!
You are poisoned.
The scorpion poisons you!
Casting: Scorch (dangerous; 38% risk of failure)
Confirm with . or Enter, or press ? or * to list all spells.
You miscast Scorch.
You are very lightly contaminated with residual magic.
Nothing appears to happen.
You feel very sick. The scorpion stings you!
You are more poisoned.
The scorpion poisons you!
Casting: Scorch (dangerous; 38% risk of failure)
Confirm with . or Enter, or press ? or * to list all spells.
Flames lash the scorpion.
The scorpion is heavily wounded.
The scorpion's fire resistance burns away.
You feel very sick. You block the scorpion's attack.
You feel very sick. The scorpion stings you!
* * * LOW HITPOINT WARNING * * *
You are lethally poisoned!
The scorpion poisons you! The scorpion closely misses you.
Casting: Scorch (dangerous; 38% risk of failure)
Confirm with . or Enter, or press ? or * to list all spells.
You miscast Scorch.
Nothing appears to happen.
* * * LOW HITPOINT WARNING * * *
You feel very sick. You block the scorpion's attack.
Casting: Scorch (dangerous; 38% risk of failure)
Confirm with . or Enter, or press ? or * to list all spells.
Flames lash the scorpion.
The scorpion is burned terribly!
The scorpion is almost dead.
* * * LOW HITPOINT WARNING * * *
You feel very sick. The scorpion stings you!
You die...

#### #...### .# .. .[..#
.# #. #s.##.# .## #@.#.#
..# ##### #....# #.#
#.... #....### #.###....
##.....###.#.÷....
#.........÷|#####
######..........<.....
####...#.................
#............[...........
#.._..##########.........


You could see a scorpion (combustible).

Vanquished Creatures
  An iguana (D:3)
  Natasha (thrice) (D:3)
  4 adders
  3 worms (D:2)
  A dart slug (D:3)
  4 orcs
  5 endoplasms
  A giant cockroach (D:2)
  7 goblins
  9 hobgoblins
  3 jackals (D:1)
  5 ball pythons
  4 bats
  6 frilled lizards
  A jackal skeleton (D:3)
  2 kobolds
  9 rats
68 creatures vanquished.

Notes
Turn   | Place    | Note
-------+----------+-------------------------------------------
     0 | D:1      | kae the Hill Orc Cinder Acolyte began the quest for the
                  | Orb.
     0 | D:1      | Reached XP level 1. HP: 19/19 MP: 2/2
    60 | D:1      | Found a faded altar of an unknown god.
   398 | D:1      | Reached XP level 2. HP: 15/27 MP: 3/3
   551 | D:1      | Learned a level 2 spell: Scorch
   654 | D:1      | Found Arroerch's General Store.
   662 | D:1      | Bought a scroll of identify for 24 gold pieces
  1159 | D:2      | Reached XP level 3. HP: 33/33 MP: 1/4
  1630 | D:2      | Reached skill level 5 in Axes
  1776 | D:2      | Reached XP level 4. HP: 40/40 MP: 1/6
  2622 | D:3      | Noticed Natasha
  2633 | D:3      | Killed Natasha
  2709 | D:3      | Noticed Natasha
  2865 | D:3      | Killed Natasha
  2866 | D:3      | Reached XP level 5. HP: 34/47 MP: 1/7
  2913 | D:3      | Noticed Natasha
  2928 | D:3      | Killed Natasha
  3369 | D:3      | Noticed Terence
  3458 | D:3      | Reached skill level 6 in Axes
  3802 | D:3      | Found a glowing silver altar of Zin.
  3803 | D:3      | Found a hazy altar of Hepliaklqana.
  3804 | D:3      | Found an opulent altar of Gozag.
  3844 | D:3      | Slain by a scorpion

Illustrated notes

Levels and vault maps discovered:
D:1:      scummos_arrival_simple_crosswalls, layout_basic,
          ebering_ecumenical_altar_ruins, serial_shops, shop_statue,
          wander_ebering_terrifying_dragon_lair
D:2:      minmay_diamond_boxcup, layout_loops_ring, st_stairs_6
D:3:      layout_rooms, chequers_temple_overflow_statue_of_worship,
          uniq_terence, uniq_natasha

Skill      XL: |  1  2  3  4  5 |
---------------+----------------+-----
Fighting       | 4 |  4.7
Axes           | 5 6 |  6.1
Fire Magic     | 4 |  4.2
Spellcasting   | 2 |  2.0

Action                   |  1- 3 |  4- 6 || total
-------------------------+-------+-------++-------
Melee: Hand axe          |    61 |    69 ||   130
 Cast: Scorch            |    13 |    27 ||    40
  Use: Scroll            |     4 |     1 ||     5
Armor: Robe              |    16 |    28 ||    44
Dodge: Dodged            |    33 |    28 ||    61
Block: Kite shield       |       |    47 ||    47

Table legend: (Time is in decaauts)
 A = Elapsed time spent in this place.
 B = Non-inter-level travel time spent in this place.
 C = Inter-level travel time spent in this place.
 D = Time resting spent in this place.
 E = Time spent auto-exploring this place.
 F = Levels seen in this place.
 G = Mean time per level.
                   A        B        C        D        E       F      G
               +--------+--------+--------+--------+--------+-----+--------+
         Total |   3884 |   3820 |     64 |    615 |   2689 |   3 | 1294.7 |
       Dungeon |   3884 |   3820 |     64 |    615 |   2689 |   3 | 1294.7 |
               +--------+--------+--------+--------+--------+-----+--------+

Top non-repeatable levels by time:
     D:2: 1838 daAuts
     D:1: 1159 daAuts
     D:3: 885 daAuts
